 Dungeon Crawl Stone Soup version 0.19.5 (webtiles) character file.

647 LoNine the Cudgeler (level 7, 0/44 HPs)
             Began as a Gargoyle Fighter on Apr 3, 2017.
             Slain by an ogre
             ... wielding a +0 giant spiked club
              (6 damage)
             ... on level 4 of the Dungeon.
             The game lasted 00:22:33 (2638 turns).

LoNine the Cudgeler (Gargoyle Fighter)              Turns: 2638, Time: 00:22:33

Health: 0/44       AC: 13    Str: 27    XL:     7   Next: 52%
Magic:  7/7        EV:  9    Int:  8    God:
Gold:   142        SH: 10    Dex:  9    Spells: 0 memorised, 6 levels left

rFire  . . .     SeeInvis .     a - +0 flail
rCold  . . .     Gourm    .     b - +0 scale mail
rNeg   + . .     Faith    .     c - +0 shield
rPois  ∞         Spirit   .     (no helmet)
rElec  +         Reflect  .     (no cloak)
rCorr  .         Harm     .     B - +0 pair of gloves
MR     .....                    (no boots)
Stlth  ..........               n - amulet of regeneration
                                (no ring)
                                (no ring)

@: mighty
A: negative energy resistance 1, electricity resistance, unbreathing,
petrification resistance, rot immunity, AC +4
a: no special abilities


You were on level 4 of the Dungeon.
You were not hungry.

You visited 1 branch of the dungeon, and saw 4 of its levels.

You collected 142 gold pieces.

Inventory:

Hand Weapons
 a - a +0 flail (weapon)
Armour
 b - a +0 scale mail (worn)
 c - a +0 shield (worn)
 A - the -3 cloak of the Wary Mice {rElec rCorr Str+4 Int+4}
   (You found it on level 4 of the Dungeon)

   It affects your strength (+4).
   It affects your intelligence (+4).
   It insulates you from electricity.
   It protects you from acid and corrosion.
 B - a +0 pair of gloves (worn)
Jewellery
 n - an amulet of regeneration (around neck)
 o - an uncursed amulet of regeneration
Wands
 t - a wand of confusion (8/48)
Scrolls
 i - a scroll of identify
 p - a scroll of random uselessness {unknown}
 q - 2 scrolls of remove curse
 s - a scroll of magic mapping {unknown}
 v - 2 scrolls of fear
 x - 2 scrolls of teleportation {unknown}
 y - a scroll of enchant armour {unknown}
 z - a scroll of fog {unknown}
 C - a scroll of recharging {unknown}
Potions
 d - a potion of might
 e - a potion of invisibility {unknown}
 h - a potion of heal wounds {unknown}
 j - 7 potions of curing
 k - a potion of brilliance {unknown}
 l - 2 potions of ambrosia {unknown}
 u - a potion of lignification {unknown}
Comestibles
 f - 3 bread rations
 g - a slice of pizza
 m - 3 beef jerkies
 r - 2 meat rations
 w - 5 fruits


   Skills:
 + Level 4.4 Fighting
 + Level 5.2 Maces & Flails
 + Level 4.4 Armour
 + Level 2.1 Dodging
 + Level 5.2 Shields


You had 6 spell levels left.
You didn't know any spells.

Dungeon Overview and Level Annotations

Branches:
Dungeon (4/15)
 Temple: D:4-7

Altars:
Elyvilon


Innate Abilities, Weirdness & Mutations

You are resistant to torment.
Your stone body is resilient. (AC +4)
You are immune to poison.
You resist negative energy. (rN+)
You are resistant to electric shocks. (rElec)
You can survive without breathing.
You are immune to petrification.
You are immune to rotting.


Message History

The hound bites you but does no damage. You block the ogre's attack.
The hound bites you but does no damage.
You closely miss the hound. The hound closely misses you.
The ogre completely misses you. You block the hound's attack.
You barely miss the hound. The hound bites you but does no damage.
The ogre hits you with a giant spiked club!!
You block the hound's attack.
Your scale mail prevents you from hitting the hound.
You block the hound's attack. The ogre barely misses you.
The hound closely misses you.
You closely miss the hound. You block the hound's attack.
You block the ogre's attack.
You closely miss the hound.
The hound pauses to sniff the ground.
The hound bites you but does no damage. You block the hound's attack.
The ogre hits you with a giant spiked club!
* * * LOW HITPOINT WARNING * * *
You barely miss the ogre. You block the hound's attack. x2
The ogre hits you with a giant spiked club.
You die...

#.....# #.....# #####.†...#
+####......#######+###+#
.......#.......#........ #
.......#.......#........ #
.......+.......#!>..$... #
.......#.......#Oh......
..###..##...####@#
..###+###...####'##########
....+.............#.....>.#
....#.............#.......+
....#.............#.......# ..
...##....##.##...##......####+###
#####....##.##...##......##......
..........#...............#......
..........#...............'......


You could see an ogre and a hound.

Vanquished Creatures
  Duvessa (D:4)
  2 phantoms
  Dowan (D:4)
  A scorpion (D:4)
  An orc wizard (D:3)
  A centaur skeleton (D:4)
  Ijyb (D:3)
  2 iguanas (D:4)
  4 adders
  2 adder skeletons (D:4)
  A worm (D:2)
  3 dart slugs
  4 leopard geckos
  2 orcs (D:3)
  A ball python (D:4)
  5 bats
  7 giant cockroaches
  10 goblins
  10 hobgoblins
  3 jackals (D:1)
  6 kobolds
  A quokka (D:4)
  3 frilled lizards
  A rat (D:2)
73 creatures vanquished.

Notes
Turn   | Place    | Note
-------+----------+-------------------------------------------
     0 | D:1      | LoNine the Gargoyle Fighter began the quest for the Orb.
     0 | D:1      | Reached XP level 1. HP: 14/14 MP: 1/1
   131 | D:1      | Reached XP level 2. HP: 14/19 MP: 2/2
   702 | D:1      | Reached XP level 3. HP: 23/23 MP: 3/3
  1161 | D:2      | Reached XP level 4. HP: 27/28 MP: 4/4
  1441 | D:3      | Reached skill level 1 in Dodging
  1485 | D:3      | Noticed Ijyb
  1534 | D:3      | Killed Ijyb
  1637 | D:3      | Reached XP level 5. HP: 31/33 MP: 5/5
  1972 | D:3      | Noticed a phantom
  2002 | D:3      | Killed a phantom
  2002 | D:3      | Reached XP level 6. HP: 38/38 MP: 6/6
  2202 | D:4      | Found a white marble altar of Elyvilon.
  2421 | D:4      | Got a brightly glowing cloak
  2431 | D:4      | Identified the -3 cloak of the Wary Mice {rElec rCorr Str+4 Int+4} (You found it on level 4 of the Dungeon)
  2449 | D:4      | Noticed Duvessa
  2449 | D:4      | Noticed Dowan
  2449 | D:4      | Noticed a phantom
  2465 | D:4      | Killed Duvessa
  2465 | D:4      | Reached skill level 5 in Shields
  2465 | D:4      | Reached XP level 7. HP: 43/43 MP: 7/7
  2490 | D:4      | Killed Dowan
  2490 | D:4      | Reached skill level 5 in Maces & Flails
  2638 | D:4      | Slain by an ogre

Skill      XL: |  1  2  3  4  5  6  7 |
---------------+----------------------+-----
Shields        | 4 5 |  5.2
Dodging        | 1 2 |  2.1
Maces & Flails | 3 4 5 |  5.2
Fighting       | 4 |  4.4
Armour         | 4 |  4.4

Action                   |  1- 3 |  4- 6 |  7- 9 || total
-------------------------+-------+-------+-------++-------
Melee: Flail             |   204 |   187 |    51 ||   442
  Use: Scroll            |     2 |     2 |       ||     4
       Potion            |       |     2 |     1 ||     3
  Eat: Royal jelly       |     1 |       |       ||     1
       Bread ration      |       |     1 |       ||     1
Armor: Scale mail        |   129 |   105 |    22 ||   256
Dodge: Dodged            |    73 |    70 |    25 ||   168
Block: Shield            |   130 |    94 |    37 ||   261
